 Dungeon Crawl Stone Soup version 0.30.1-11-g7821555f0a (webtiles) character file.

Game seed: 16951477975738722130

328 Okkudo the Chopper (level 6, 0/57 HPs)
             Began as a Hill Orc Monk on Dec 6, 2023.
             Succumbed to an orc's poison
             ... on level 4 of the Dungeon on Dec 7, 2023.
             The game lasted 00:10:11 (3143 turns).

Okkudo the Chopper (Hill Orc Monk)                  Turns: 3143, Time: 00:10:12

Health: 0/57       AC:  9    Str: 16    XL:     6   Next: 50%
Magic:  5/6        EV:  8    Int: 10    God:
Gold:   99         SH:  0    Dex: 13    Spells: 5/5 levels left

rFire   . . .        a - +0 hand axe
rCold   . . .        d - orb {light}
rNeg    + . .        p - +0 chain mail
rPois   .            b - +0 helmet
rElec   .            (no cloak)
rCorr   +            (no gloves)
SInv    .            (no boots)
Will    .....        r - amulet of guardian spirit Stlth
                     i - ring of resist corrosion
HPRegen 0.29/turn    o - ring of positive energy
MPRegen 0.10/turn

%: guardian spirit
@: lethally poisoned (0 -> -3), glowing
A: no striking features
a: no special abilities


You were on level 4 of the Dungeon.
You visited 1 branch of the dungeon, and saw 4 of its levels.

You collected 99 gold pieces.

Inventory:

Hand Weapons
 a - a +0 hand axe (weapon)
 t - a +0 demon whip
Armour
 b - a +0 helmet (worn)
 d - an orb of light (worn)
 p - a +0 chain mail (worn)
Jewellery
 i - a ring of resist corrosion (left hand)
 o - a ring of positive energy (right hand)
 r - an amulet of guardian spirit (around neck)
Scrolls
 e - a scroll of identify {unknown}
 f - a scroll of torment {unknown}
 g - 2 scrolls of blinking {unknown}
 h - a scroll of noise {unknown}
 k - a scroll of teleportation {unknown}
 l - a scroll of enchant armour {unknown}
 s - a scroll of fog {unknown}
 v - a scroll of brand weapon {unknown}
 w - a scroll of immolation {unknown}
Potions
 c - a potion of ambrosia
 j - 2 potions of curing {unknown}
 m - a potion of flight {unknown}
 n - a potion of heal wounds {unknown}
 q - a potion of lignification {unknown}
 u - a potion of berserk rage {unknown}


   Skills:
 + Level 5.7 Fighting
 + Level 6.2 Axes
 + Level 3.9 Dodging


You had 5 spell levels left.
You didn't know any spells.
Your spell library was empty.

Dungeon Overview and Level Annotations

Branches:
Dungeon (4/15)
 Temple: D:4-7

Altars:
Wu Jian


Message History

You hit the iguana.
The iguana is moderately wounded.
You hit the orc. You completely miss the orc.
You feel very sick. The iguana bites you!
The orc hits you with a +1 dagger of venom.
You are more poisoned.
The kobold throws a stone.
The stone hits you but does no damage. The orc attacks as you move away!
The orc completely misses you.
You feel very sick. The iguana closely misses you.
The orc attacks as you move away! The orc closely misses you.
The iguana attacks as you move away! The iguana bites you.
Found a stone staircase leading down.
You feel very sick.
The kobold throws a stone.
The stone closely misses you. The orc attacks as you move away!
The orc hits you with a +1 dagger of venom.
You are more poisoned.
You feel very sick.
The orc wizard gestures wildly while chanting.
The orc wizard flickers and vanishes!
Deactivating autopickup; reactivate with Ctrl-A.
* * * LOW HITPOINT WARNING * * *
You feel very sick.
You feel very sick.
You feel very sick.
You feel sick.
You feel sick.
You feel sick.
There is a stone staircase leading down here.
You feel sick. The orc attacks as you move away!
The orc hits you but does no damage.
You are lethally poisoned!
* * * LOW HITPOINT WARNING * * *
You feel sick.
* * * LOW HITPOINT WARNING * * *
You feel sick.
* * * LOW HITPOINT WARNING * * *
You feel sick.
You die...

....# #.# ##..# #.#
#.# #..# #.# #.#
#..# #.# #.#
#.K########.# ###
#...........# ##
##..#######..# .+
!...# ####..####.#
>#..####.o.>l.o.@.#
.........##..######
.#..###.###..#
.##.# #......# #.#
#.###.## #.$ ..#
#.# ##. ### #.# ..
#.# ..


You could see an iguana and 2 orcs.

Vanquished Creatures
  Pargi (D:3)
  2 orc wizards
  Natasha (D:2)
  3 adders
  A shadow imp (D:4)
  2 worms (D:2)
  6 dart slugs
  9 orcs
  A ball python (D:2)
  4 bats
  7 endoplasms
  5 giant cockroaches
  8 goblins
  11 hobgoblins
  7 jackals
  6 kobolds
  8 quokkas
  2 frilled lizards (D:1)
  6 rats
90 creatures vanquished.

Notes
Turn   | Place    | Note
-------+----------+-------------------------------------------
     0 | D:1      | Okkudo the Hill Orc Monk began the quest for the Orb.
     0 | D:1      | Reached XP level 1. HP: 19/19 MP: 1/1
     0 | D:1      | Noticed a merfolk zombie
     2 | D:1      | Noticed a demonspawn zombie
     3 | D:1      | Noticed a demonspawn zombie
   115 | D:1      | Reached XP level 2. HP: 27/27 MP: 2/2
   527 | D:1      | Reached XP level 3. HP: 33/33 MP: 3/3
  1176 | D:2      | Reached XP level 4. HP: 40/41 MP: 4/4
  1269 | D:2      | Reached skill level 5 in Axes
  1362 | D:2      | Noticed Natasha
  1376 | D:2      | Killed Natasha
  1623 | D:2      | Found a faded altar of an unknown god.
  2058 | D:3      | Reached XP level 5. HP: 41/47 MP: 5/5
  2197 | D:3      | Reached skill level 5 in Fighting
  2303 | D:3      | Noticed Pargi
  2340 | D:3      | Killed Pargi
  2341 | D:3      | Reached skill level 6 in Axes
  2341 | D:3      | Reached XP level 6. HP: 33/56 MP: 3/6
  2448 | D:3      | Found a faded altar of an unknown god.
  2451 | D:3      | Found an ornate altar of the Wu Jian Council.
  2909 | D:4      | HP: 2/56 [orc wizard/+0 dagger (2)]
  3142 | D:4      | HP: 1/57 [poisoned by an orc]
  3143 | D:4      | Succumbed to an orc's poison

Illustrated notes

Levels and vault maps discovered:
D:1:      shiori_arrival_whats_in_store_for_you, layout_basic,
          minmay_misc_feat_hallway
D:2:      layout_basic, dreamdust_ecumenical_altar_statues,
          kennysheep_big_empty_room, st_stairs_1, hangedman_decor_riveting,
          minmay_misc_feat_chi, minmay_tetromino_o2, uniq_natasha
D:3:      layout_basic, nicolae_overflow_ecumenical_swirl, uniq_pargi
D:4:      layout_loops_ring, enter_ossuary_4, dk_noncrumbling_2

Skill      XL: |  1  2  3  4  5 |
---------------+----------------+-----
Fighting       | 4 5 |  5.7
Dodging        | 3 |  3.9
Axes           | 5 6 |  6.2

Action                     |  1- 3 |  4- 6 || total
---------------------------+-------+-------++-------
  Melee: Hand axe          |   124 |   170 ||   294
 Armour: Robe              |     3 |       ||     3
         Leather armour    |    26 |    21 ||    47
         Chain mail        |       |    84 ||    84
  Dodge: Dodged            |    76 |   109 ||   185
